Map: Kairos Junction LE

Players

Woah - Winner!

  • Race: Terran Terran
  • Spawn Location: 11:00

netnyjdi

  • Race: Zerg Zerg
  • League: Diamond
  • Spawn Location: 5:00

VOD

Have the link to the VOD?

Description

Time

  • Played on: June 12, 2019, 9:21 a.m.
  • Length: 8:36
Show
View Real Time Build Order
Export as new Build Order

Woah Terran - Winner!

Build Orders:  

Get SALT Encoding   

  12  0:02  SCV  
  14  0:14  SCV  
  14  0:17  Supply Depot  
  14  0:27  SCV  
  15  0:43  Barracks  
  15  0:44  SCV  
  15  0:46  Refinery  
  16  0:58  Barracks  
  16  1:03  SCV  
  17  1:15  SCV  
  18  1:30  Orbital Command  
  18  1:31  Reaper  
  19  1:37  Barracks  
  19  1:45  Refinery  
  19  1:53  Reaper  
  20  1:58  Supply Depot  
  20  2:08  Reaper  
  21  2:16  SCV  
  21  2:22  Supply Depot  
  22  2:44  Reaper x2  
  22  2:45  Reaper  
  25  3:16  Reaper  
  25  3:41  Command Center  
  25  3:45  Barracks Tech Lab  
  25  3:46  Factory  
  25  3:47  SCV  
  26  3:51  Barracks Reactor  
  26  3:54  Barracks Reactor  
  26  4:00  SCV  
  27  4:12  SCV  
  27  4:18  Marine  
  27  4:24  SCV  
  29  4:31  Marine  
  29  4:33  Factory Tech Lab  
  29  4:36  SCV, Starport, Marine  
  32  4:47  Stimpack  
  35  5:01  Siege Tank  
  35  5:04  Orbital Command  
  35  5:10  Bunker  
  35  5:16  SCV  
  36  5:28  SCV  
  36  5:34  Supply Depot, Marine  
  38  5:37  Siege Tank  
  38  5:41  SCV  
  42  5:43  SCV  
  43  5:52  Supply Depot  
  43  5:57  Supply Depot  
  43  6:00  Marine x2  
  45  6:13  Barracks Tech Lab  
  45  6:14  Viking  
  47  6:22  SCV x2  
  47  6:24  Supply Depot  
  49  6:34  SCV x2  
  49  6:38  Siege Tank  
  54  6:44  Medivac  
  51  7:10  Siege Tank  
  51  7:24  Supply Depot  
  51  7:35  Bunker  
  51  7:37  Engineering Bay  
  51  7:41  Supply Depot  
  51  7:42  SCV  
  51  7:43  SCV  
  50  7:46  Marine x2  
  50  7:47  Marine  
  51  7:54  SCV  
  51  7:55  SCV  
  51  7:56  Barracks  
  53  8:08  Command Center  
  53  8:09  Starport Reactor  
  53  8:12  Marauder x2, Marine x2  
  59  8:13  SCV  
  59  8:15  SCV  
Show
View Real Time Build Order
Export as new Build Order

netnyjdi Zerg 

Build Orders: Hatch First, Roach Nydus 

Get SALT Encoding   

  12  0:03  Drone  
  13  0:09  Drone  
  14  0:15  Extractor  
  14  0:16  Drone  
  14  0:22  Extractor, Drone  
  16  0:45  Hatchery  
  15  0:58  Spawning Pool  
  15  1:00  Extractor  
  15  1:01  Drone  
  14  1:10  Overlord  
  14  1:28  Drone x3  
  17  1:41  Drone  
  17  1:46  Queen  
  20  1:56  Roach Warren, Drone  
  20  2:00  Drone  
  21  2:09  Drone x2  
  21  2:10  Extractor  
  21  2:14  Drone  
  23  2:25  Drone x2  
  25  2:36  Zergling x4  
  27  2:40  Metabolic Boost  
  26  3:00  Roach  
  26  3:02  Overlord  
  28  3:11  Overlord  
  27  3:19  Queen  
  27  3:23  Zergling x6  
  27  3:24  Zergling x6  
  33  3:36  Queen  
  33  3:38  Zergling x2  
  33  3:39  Zergling x4  
  38  3:51  Roach x2  
  42  3:58  Lair  
  40  4:11  Zergling x6  
  40  4:12  Zergling x2  
  43  4:30  Overlord  
  43  4:31  Overlord x2  
  43  4:50  Roach x3  
  43  4:51  Roach  
  51  4:53  Drone  
  51  4:56  Drone  
  53  5:06  Nydus Network  
  52  5:29  Roach x5  
  62  5:39  Roach x2  
  66  5:58  Nydus Canal  
  66  6:29  Nydus Canal  
  66  6:34  Overlord x3  
  66  6:35  Overlord  
  66  6:55  Roach x8  
  33  7:33  Zergling x12  
  31  7:48  Roach x2  
  35  7:53  Queen  
  37  8:03  Drone  
Tags
 
League
Diamond
Matchup
TvZ
Replay Pack
r1
Spawn Locations
Cross Positions
Strategy
Roach Nydus
Add a new tag
Caveats
  • Supply blocks, unpowered buildings, or Contaminate may cause inaccurate times.
  • Supply counts are checked every 10 seconds.